Map: Odyssey LE

Players

llllllllllll

  • Race: Protoss Protoss
  • League: Master
  • Spawn Location: 11:00

AlexUA - Winner!

  • Race: Zerg Zerg
  • Spawn Location: 5:00

VOD

https://www.youtube.com/watch?v=uHF4T98uo0s

Description

Time

  • Played on: Nov. 28, 2017, 4:50 p.m.
  • Length: 8:19
Show
View Real Time Build Order
Export as new Build Order

llllllllllll Protoss 

Build Orders:  

Get SALT Encoding   

  12  0:01  Probe  
  13  0:13  Probe  
  14  0:22  Pylon  
  14  0:27  Probe  
  15  0:42  Probe (Chrono Boost)  
  16  0:49  Gateway  
  17  0:54  Probe (Chrono Boost)  
  17  0:55  Assimilator  
  17  0:57  Probe  
  18  1:10  Probe (Chrono Boost)  
  19  1:22  Probe (Chrono Boost)  
  20  1:27  Probe (Chrono Boost)  
  21  1:35  Cybernetics Core  
  21  1:36  Probe  
  21  1:38  Assimilator  
  22  1:40  Pylon  
  22  1:48  Probe  
  23  1:54  Gateway  
  23  2:00  Probe  
  24  2:14  Stargate  
  25  2:15  Probe  
  25  2:17  Adept  
  26  2:35  Nexus  
  26  2:38  Probe  
  27  2:44  Warp Gate  
  27  2:50  Probe  
  28  3:12  Probe  
  29  3:20  Pylon, Adept  
  31  3:38  Probe, Adept, Void Ray (Chrono Boost)  
  38  3:47  Twilight Council  
  38  3:50  Probe x2  
  40  4:02  Probe x2  
  42  4:09  Forge  
  42  4:14  Probe  
  42  4:15  Probe  
  44  4:23  Charge  
  44  4:27  Probe x2 (Chrono Boost)  
  44  4:30  Gateway  
  44  4:31  Robotics Facility  
  48  4:39  Probe x2 (Chrono Boost)  
  48  4:43  Probe x2 (Chrono Boost)  
  50  4:53  Probe x2  
  52  5:04  Protoss Ground Weapons Level 1 (Chrono Boost)  
  52  5:05  Probe  
  53  5:07  Shield Battery, Photon Cannon  
  53  5:13  Templar Archives  
  53  5:16  Gateway  
  53  5:17  Gateway  
  53  5:31  Robotics Bay  
  53  5:34  Assimilator  
  53  5:36  Assimilator  
  53  5:41  Photon Cannon  
  53  5:46  Pylon  
  53  5:50  Shield Battery  
  53  5:53  Shield Battery  
  53  5:55  Pylon  
  53  6:03  Robotics Facility  
  53  6:15  Photon Cannon  
  56  6:29  Stalker x3  
  59  6:47  Adept x2  
  63  7:00  Observer (Chrono Boost)  
  59  7:14  Robotics Bay  
  58  7:15  Pylon  
  58  7:17  Pylon  
Show
View Real Time Build Order
Export as new Build Order

AlexUA Zerg - Winner!

Build Orders: Pool First, Lurkers 

Get SALT Encoding   

  12  0:00  Drone  
  13  0:12  Overlord  
  13  0:17  Drone  
  14  0:30  Drone x2  
  14  0:35  Extractor  
  15  0:36  Drone  
  16  0:46  Spawning Pool  
  15  0:54  Drone  
  16  0:58  Drone  
  17  1:06  Drone  
  18  1:22  Hatchery  
  17  1:26  Drone  
  18  1:35  Metabolic Boost  
  18  1:42  Drone  
  19  1:47  Queen  
  19  1:53  Overlord  
  21  1:56  Zergling x2  
  22  2:12  Drone x2  
  24  2:22  Drone  
  25  2:31  Lair  
  25  2:33  Drone, Queen  
  25  2:35  Drone  
  30  2:44  Drone  
  30  2:46  Drone  
  31  2:54  Extractor, Drone  
  31  2:55  Extractor  
  31  2:57  Drone  
  31  2:58  Drone x3  
  34  3:07  Drone x2  
  36  3:18  Extractor, Overlord  
  36  3:19  Drone  
  36  3:38  Spore Crawler, Drone x3  
  36  3:40  Drone x2  
  40  3:44  Hydralisk Den  
  40  3:45  Drone x2  
  40  3:46  Drone x2  
  43  3:51  Drone  
  43  3:56  Overlord  
  43  4:01  Spore Crawler  
  43  4:02  Drone  
  43  4:08  Overlord  
  43  4:19  Muscular Augments  
  43  4:20  Lurker Den, Drone  
  43  4:21  Drone x4  
  43  4:22  Drone  
  48  4:24  Drone  
  48  4:29  Overlord  
  49  4:31  Hydralisk  
  51  4:43  Overlord  
  51  4:50  Hydralisk x4  
  59  4:55  Evolution Chamber  
  59  4:57  Hydralisk  
  60  5:04  Hydralisk x2  
  60  5:05  Hydralisk  
  66  5:10  Overlord  
  66  5:11  Hydralisk  
  68  5:26  Zerg Missile Weapons Level 1  
  68  5:27  Overlord  
  68  5:30  Hydralisk x3  
  68  5:31  Hydralisk  
  76  5:41  Overlord x2  
  76  5:42  Overlord  
  76  5:46  Hydralisk  
  76  5:47  Hydralisk  
  80  5:53  Overlord  
  80  5:54  Hydralisk  
  80  5:56  Lurker  
  83  5:57  Lurker  
  83  6:02  Lurker x2  
  86  6:04  Hydralisk  
  86  6:09  Hydralisk  
  86  6:11  Zergling x6  
  92  6:13  Zergling x2  
  92  6:16  Overseer  
  94  6:18  Zergling x2  
  94  6:19  Zergling x2  
  96  6:30  Lurker  
  96  6:31  Zergling x2  
  96  6:32  Zergling x8  
  102  6:42  Hydralisk x4  
  106  6:55  Hydralisk x3  
  111  7:04  Hydralisk x2  
  111  7:07  Hydralisk  
  115  7:13  Overlord  
  115  7:23  Hatchery  
  113  7:37  Hydralisk x5  
  122  8:06  Drone  
  122  8:09  Spire  
Tags
 
Composition
Lurkers
League
Master
Matchup
PvZ
Opening
Pool First
Spawn Locations
Cross Positions
Add a new tag
Caveats
  • Supply blocks, unpowered buildings, or Contaminate may cause inaccurate times.
  • Supply counts are checked every 10 seconds.